 Dungeon Crawl Stone Soup version 0.16.1-51-g6203257 (webtiles) character file.

154 uhvn the Sneak (level 5, 0/27 HPs)
             Began as a Vine Stalker Enchanter on July 8, 2015.
             Slain by Crazy Yiuf
             ... wielding a +3 quarterstaff of chaos
              (7 damage)
             ... on level 2 of the Dungeon.
             The game lasted 00:09:56 (1987 turns).

uhvn the Sneak (Vine Stalker Enchanter)             Turns: 1987, Time: 00:09:56

Health: 0/27       AC:  3    Str: 11    XL:     5   Next: 35%
Magic:  0/11       EV: 12    Int: 15    God:
Gold:   103        SH:  0    Dex: 15    Spells: 1 memorised, 7 levels left

rFire  . . .     SeeInvis .     a - +1 dagger
rCold  . . .     Clarity  .     b - +1 robe
rNeg   . . .     SustAb   .     (no shield)
rPois  .         Gourm    .     (no helmet)
rElec  .         Spirit   +     (no cloak)
rCorr  .         Warding  .     (no gloves)
rMut   .         Stasis   .     (no boots)
MR     .....                    (no amulet)
Stlth  +++.......               (no ring)
                                (no ring)

@: lethally poisoned (0 -> -1), not resistant to hostile enchantments, fairly
stealthy
A: fangs 2, regeneration 1, magic shield, antimagic bite, no device heal 3, rot
immunity
a: no special abilities


You were on level 2 of the Dungeon.
You were hungry.

You visited 1 branch of the dungeon, and saw 2 of its levels.

You collected 103 gold pieces.

Inventory:

Hand weapons
 a - a +1 dagger (weapon)
Missiles
 g - 43 stones (quivered)
Armour
 b - a +1 robe (worn)
Scrolls
 e - a scroll of identify {unknown}
 h - 2 scrolls of magic mapping {unknown}
 i - 3 scrolls of recharging {unknown}
 j - 3 scrolls of fear {unknown}
 k - a scroll of fog {unknown}
 p - 3 scrolls of remove curse {unknown}
 q - a scroll of immolation {unknown}
 s - a scroll of enchant weapon {unknown}
Potions
 m - a potion of flight {unknown}
 n - a potion of curing {unknown}
 t - 2 potions of heal wounds {unknown}
Books
 c - a book of Maledictions

   Spells                             Type                      Level
   a - Corona                         Hexes                        1
   b - Sure Blade                     Hexes/Charms                 2
   c - Ensorcelled Hibernation        Hexes/Ice                    2
   d - Confuse                        Hexes                        3
   e - Dazzling Spray                 Conjuration/Hexes            3
   f - Enslavement                    Hexes                        4
Comestibles
 d - 2 bread rations
 f - a meat ration
 l - a slice of pizza
 o - a beef jerky
 r - 2 fruits


   Skills:
 * Level 2.3 Fighting
 + Level 1.7 Short Blades
 + Level 2.2 Dodging
 * Level 5.4 Stealth
 - Level 2.1 Spellcasting
 - Level 3.0 Hexes


You had 7 spell levels left.
You knew the following spells:

 Your Spells              Type           Power        Failure   Level  Hunger
a - Corona                Hex            ##.....      8%          1    #......


Dungeon Overview and Level Annotations

Branches:
Dungeon (2/15)

Altars:

Annotations:
D:2 Crazy Yiuf


Innate Abilities, Weirdness & Mutations

You have extremely sharp teeth.
Your natural rate of healing is unusually fast.
When hurt, damage is shared between your health and your magic reserves.
Your bite disrupts and absorbs the magic of your enemies.
Potions and wands cannot restore your health.
You are immune to rotting.


Message History

That seemed strangely inert.
Casting: Corona
Confirm with . or Enter, or press ? or * to list all spells.
Aiming: Corona
Press: ? - help, Shift-Dir - straight line, f/p - Crazy Yiuf
Aim: Crazy Yiuf, wielding a quarterstaff of chaos and wearing a cloak (lightly wounded, chance 54%) Crazy Yiuf is outlined in light.
Crazy Yiuf hits you with a quarterstaff of chaos!
Crazy Yiuf freezes you.
* * * LOW HITPOINT WARNING * * *
You feel sick.
You feel sick.
You barely miss Crazy Yiuf.
Crazy Yiuf is lightly wounded.
Crazy Yiuf closely misses you.
You closely miss Crazy Yiuf. You bite Crazy Yiuf, but do no damage.
Crazy Yiuf is lightly wounded.
Crazy Yiuf grits, "Sif Muna broken toodlewoodle!"
Crazy Yiuf hits you with a quarterstaff of chaos!
You die...

# .# # ♣♣.
############
♣.♣
...........#
♣♣.♣
############
♣.♣♣ ♣♣.♣♣
♣.P.♣♣ ♣PP♣g♣
#..@.#
###....#
#.##...#
#.##..##
#####.##.##
#........#
####.###.####
#........#
#####.##.#####


You could see Crazy Yiuf.

Vanquished Creatures
  Jessica (D:2)
  4 gnolls (D:2)
  2 adders (D:2)
  2 worms (D:2)
  4 giant geckos
  6 ball pythons (D:2)
  9 bats
  11 goblins
  4 hobgoblins
  6 jackals
  6 kobolds
  A quokka (D:2)
  A giant cockroach (D:2)
  5 giant newts
  A rat (D:1)
  2 fungi (D:2)
65 creatures vanquished.

Notes
Turn   | Place    | Note
--------------------------------------------------------------
     0 | D:1      | uhvn, the Vine Stalker Enchanter, began the quest for the Orb.
     0 | D:1      | Reached XP level 1. HP: 9/9 MP: 3/3
   139 | D:1      | Reached skill level 1 in Short Blades
   141 | D:1      | Reached XP level 2. HP: 6/14 MP: 1/5
   311 | D:1      | Reached skill level 1 in Fighting
   320 | D:1      | You fall through a shaft!
   410 | D:2      | Reached skill level 4 in Stealth
   560 | D:1      | Reached XP level 3. HP: 12/18 MP: 7/7
   928 | D:2      | Noticed Jessica
   931 | D:2      | Killed Jessica
   949 | D:2      | Reached XP level 4. HP: 17/23 MP: 4/8
  1773 | D:2      | Reached skill level 5 in Stealth
  1784 | D:2      | Reached XP level 5. HP: 19/26 MP: 9/11
  1972 | D:2      | Noticed Crazy Yiuf
  1987 | D:2      | Slain by Crazy Yiuf

Action                   |  1- 3 |  4- 6 || total
-------------------------+-------+-------++-------
Melee: Dagger            |   120 |   153 ||   273
Throw: Stone             |     3 |       ||     3
 Cast: Corona            |    25 |    25 ||    50
 Stab: Sleeping          |     7 |     5 ||    12
  Eat: Chunk             |       |     3 ||     3
       Fruit             |       |     1 ||     1
